AoeStats
← Sirfrancisdrake

Arabia

503634032Analyzed
1v1 RM · 1mo ago on Sep 1, 2026· 51m 13s· 2 players
Game mode
Random Map
Map size
Tiny (2 player)
Population
200
Speed
Normal
Resources
Standard
Victory
Conquest
Starting age
Dark Age
Ending age
Imperial Age
RankedLock teamsTeams togetherTeam positionsShared explorationLock speedFull tech treeHidden civsTurbo modeCheats
Victory
Defeat
🇹🇷 Japanese · Türkiye
936
+16
🇹🇷 Britons · Türkiye
929
-16
Sirfrancisdrake
5:56 Loom
10:25 Feudal Age
18:18 Fletching
18:29 Padded Archer Armor
28:14 Castle Age
28:27 Double-Bit Axe
28:36 Gold Mining
28:18 Crossbowman
29:06 Bodkin Arrow
35:22 Horse Collar
38:50 Stone Mining
44:54 Imperial Age
44:04 Leather Archer Armor
44:27 Bow Saw
47:45 Ballistics
48:27 Chemistry
47:33 Siege Engineers
48:44 Wheelbarrow
47:55 Town Watch
51:27 Conscription
orcun.catalyurek
6:58 Loom
11:26 Feudal Age
11:37 Man-at-Arms
25:18 Wheelbarrow
25:39 Fletching
28:40 Castle Age
26:44 Double-Bit Axe
27:35 Padded Archer Armor
29:34 Scale Mail Armor
29:48 Pikeman
29:54 Long Swordsman
30:19 Gambesons
30:10 Elite Skirmisher
32:47 Bodkin Arrow
33:09 Leather Archer Armor
33:03 Squires
32:24 Pikeman
34:10 Gold Mining
34:12 Stone Mining
34:35 Forging
34:49 Bow Saw
34:27 Horse Collar
39:28 Chain Mail Armor
41:46 Hand Cart
43:10 Heavy Plow
43:37 Husbandry
43:47 Bloodlines
44:34 Gold Shaft Mining
44:37 Iron Casting
48:10 Imperial Age
46:36 Scale Barding Armor
48:07 Chain Barding Armor
48:38 Cavalier
Connection lost

Rejoining the realm…

Still unreachable

The connection could not be restored.

Session expired

The server has moved on; the page needs a fresh start.